Map: Deathaura LE

Players

INnoVation

  • Race: Terran Terran
  • Spawn Location: 11:00

SpeCial - Winner!

  • Race: Terran Terran
  • Spawn Location: 5:00

Event: IEM Katowice 2021

VOD

Have the link to the VOD?

Description

Time

  • Played on: Feb. 23, 2021, 8:56 a.m.
  • Length: 12:08

All games in this series

Show
View Real Time Build Order
Export as new Build Order

INnoVation Terran 

Build Orders:  

Get SALT Encoding   

  12  0:00  SCV  
  13  0:12  SCV  
  14  0:17  Supply Depot  
  14  0:24  SCV  
  15  0:38  SCV  
  15  0:39  Barracks  
  16  0:44  Refinery  
  16  0:50  SCV  
  17  1:01  Barracks  
  18  1:04  SCV  
  18  1:16  SCV  
  19  1:27  Reaper  
  19  1:28  Orbital Command  
  19  1:32  Supply Depot  
  20  1:47  Reaper  
  20  1:54  SCV  
  22  2:04  Reaper  
  22  2:06  SCV  
  24  2:12  Command Center  
  24  2:19  SCV, Refinery  
  25  2:31  SCV  
  25  2:36  Marine  
  27  2:43  SCV, Factory  
  28  2:48  Bunker  
  28  2:55  SCV  
  29  3:03  Barracks Reactor  
  29  3:07  SCV  
  30  3:15  Command Center  
  30  3:20  SCV  
  30  3:24  Orbital Command  
  31  3:31  Factory Tech Lab  
  31  3:32  SCV  
  32  3:36  Starport  
  32  3:41  Marine x2  
  32  3:44  SCV  
  35  3:50  Siege Tank  
  35  3:52  SCV  
  39  3:56  SCV  
  39  3:59  Barracks Tech Lab  
  39  4:00  Marine x2  
  42  4:05  SCV  
  42  4:08  SCV  
  44  4:12  Viking  
  46  4:19  Stimpack  
  46  4:25  Barracks  
  46  4:26  SCV x2  
  46  4:27  Orbital Command  
  48  4:39  SCV x2, Marine x2  
  48  4:40  Marine  
  48  4:44  Starport Reactor  
  53  4:48  Engineering Bay  
  53  4:49  Engineering Bay  
  53  4:51  SCV x2  
  55  4:53  Refinery  
  55  4:55  Refinery  
  55  4:56  SCV  
  55  4:58  Marine x2  
  58  5:02  Supply Depot  
  58  5:03  SCV x2  
  58  5:06  Supply Depot  
  60  5:11  SCV  
  61  5:15  Terran Infantry Weapons Level 1, Terran Infantry Armor Level 1  
  61  5:18  SCV  
  61  5:24  SCV, Marine x3, Barracks Reactor  
  61  5:26  Supply Depot  
  61  5:27  SCV  
  66  5:30  Medivac, SCV  
  66  5:35  Medivac  
  71  5:36  SCV  
  71  5:37  Supply Depot  
  71  5:42  Marine x2  
  72  5:43  SCV x2, Marine  
  72  5:47  Siege Tank  
  72  5:48  SCV  
  81  5:51  Supply Depot  
  81  5:54  Orbital Command  
  81  5:55  SCV  
  80  6:00  SCV, Marine  
  80  6:01  Marine x4, Combat Shield  
  86  6:08  SCV  
  87  6:12  SCV  
  87  6:18  Barracks  
  88  6:19  Barracks, Siege Tank  
  88  6:20  Marine x4  
  88  6:23  SCV  
  88  6:24  SCV  
  97  6:29  Supply Depot  
  97  6:31  Supply Depot  
  95  6:35  SCV  
  95  6:36  SCV x2  
  96  6:42  Medivac x2  
  94  6:48  SCV x2  
  94  6:49  SCV  
  91  6:57  Marine x3  
  91  7:00  SCV x2  
  96  7:01  SCV  
  96  7:02  Armory  
  97  7:12  SCV x2, Marine x2  
  97  7:14  SCV, Marine, Siege Tank  
  97  7:15  Marine x2  
  107  7:22  Supply Depot x2  
  108  7:24  SCV x2  
  108  7:26  SCV  
  108  7:29  Marine  
  111  7:30  Marine  
  111  7:33  Barracks Reactor, Refinery  
  111  7:34  Refinery  
  111  7:36  Medivac, SCV x2  
  117  7:43  Medivac, SCV  
  120  7:45  Barracks Tech Lab  
  120  7:46  Siege Tank  
  120  7:47  Barracks Tech Lab  
  120  7:49  SCV x2  
  125  7:55  SCV, Supply Depot  
  125  7:57  Supply Depot  
  126  8:01  Terran Infantry Weapons Level 2  
  121  8:08  SCV  
  121  8:09  SCV x2, Command Center  
  124  8:14  Terran Infantry Armor Level 2  
  124  8:21  SCV x3  
  124  8:22  Viking x2  
  131  8:33  Supply Depot  
  131  8:34  SCV, Supply Depot  
  131  8:35  SCV x2  
  131  8:38  Concussive Shells  
  131  8:39  Terran Ship Weapons Level 1  
  134  8:47  SCV x3, Marauder  
  134  8:48  Marauder x2  
  143  8:54  Viking x2  
  146  8:58  Supply Depot  
  146  8:59  SCV x3  
  149  9:08  Barracks x2  
  148  9:10  Barracks  
  148  9:11  SCV x3  
  150  9:21  Planetary Fortress  
  150  9:24  Viking x2  
  150  9:25  SCV x3  
  150  9:26  Marauder  
  150  9:27  Marauder x2  
  162  9:36  Supply Depot  
  162  9:38  Supply Depot  
  161  9:40  Refinery x2  
  161  9:43  Starport x2  
  161  9:45  Fusion Core  
  160  9:47  SCV x3  
  160  9:51  Marauder x3  
  169  9:57  Barracks Reactor, Barracks Tech Lab x2  
  169  9:58  Marine x3  
  169  9:59  Marine  
  173  10:08  Viking x2  
  173  10:12  Marauder x3  
  173  10:13  Command Center  
  176  10:31  Marauder x2  
  176  10:32  Siege Tank  
  176  10:33  Advanced Ballistics, Starport Reactor x2  
  176  10:34  Marauder x3  
  169  10:43  Marine x4  
  169  10:44  Marine  
  169  10:49  Liberator x2  
  177  10:53  SCV x4  
  167  11:08  Marauder x4, Marine x3  
  163  11:12  SCV x3  
  159  11:21  Viking x2  
  159  11:22  Viking x2  
  159  11:25  Marauder, Marine  
  152  11:29  Marauder x2  
  152  11:30  Marauder, Marine  
  152  11:31  Marine  
  161  11:33  Marauder  
  158  11:49  Marine x2  
Show
View Real Time Build Order
Export as new Build Order

SpeCial Terran - Winner!

Build Orders: Mech 

Get SALT Encoding   

  12  0:00  SCV  
  13  0:12  SCV  
  14  0:16  Supply Depot  
  14  0:24  SCV  
  15  0:38  SCV  
  15  0:40  Barracks  
  15  0:42  Refinery  
  16  0:50  SCV  
  16  0:53  Refinery  
  17  1:02  SCV  
  18  1:14  SCV  
  19  1:26  Reaper  
  19  1:27  Supply Depot, Orbital Command  
  20  1:40  Factory  
  20  1:53  SCV  
  21  1:59  Reaper  
  22  2:05  SCV  
  23  2:16  Command Center  
  23  2:18  SCV  
  24  2:24  Hellion  
  26  2:31  Reaper  
  26  2:35  Supply Depot  
  26  2:36  SCV  
  28  2:47  Hellion  
  28  2:49  Starport  
  28  2:51  SCV  
  31  3:03  SCV  
  32  3:09  Barracks Tech Lab, Factory Tech Lab  
  32  3:15  SCV  
  33  3:22  Refinery  
  33  3:27  SCV  
  33  3:29  Cyclone  
  33  3:30  Orbital Command  
  37  3:39  SCV  
  41  3:45  Raven  
  40  3:51  SCV  
  40  3:55  Command Center  
  41  3:58  SCV  
  42  4:03  SCV  
  42  4:06  Cyclone  
  46  4:10  SCV  
  46  4:12  Refinery  
  46  4:14  Barracks Reactor  
  47  4:20  SCV  
  47  4:22  SCV  
  47  4:24  Supply Depot  
  49  4:29  Raven  
  51  4:32  SCV  
  51  4:34  SCV  
  53  4:44  SCV  
  53  4:45  Siege Tank  
  57  4:46  SCV  
  57  4:49  Supply Depot  
  57  4:51  Marine x2  
  60  4:56  SCV  
  60  4:58  SCV  
  62  5:08  SCV  
  62  5:09  Orbital Command  
  62  5:10  SCV  
  62  5:12  Supply Depot  
  64  5:14  Raven  
  64  5:15  Marine x2  
  64  5:17  Siege Tank  
  64  5:20  SCV  
  72  5:23  SCV  
  72  5:25  Orbital Command  
  72  5:27  Engineering Bay  
  73  5:32  SCV  
  73  5:35  SCV  
  75  5:38  Marine  
  75  5:39  Marine  
  77  5:44  SCV  
  77  5:46  Supply Depot  
  77  5:47  SCV  
  77  5:49  Siege Tank  
  81  5:56  SCV x2  
  83  5:59  SCV  
  84  6:08  SCV, Viking x2  
  84  6:09  SCV  
  91  6:11  SCV  
  91  6:13  Refinery x2  
  91  6:14  Factory  
  91  6:15  Factory  
  91  6:17  Barracks Reactor  
  91  6:20  SCV  
  91  6:21  SCV, Siege Tank  
  91  6:23  SCV, Missile Turret  
  97  6:28  Missile Turret  
  97  6:32  SCV  
  98  6:33  SCV  
  98  6:35  SCV  
  100  6:42  Viking  
  100  6:44  SCV  
  100  6:46  SCV  
  101  6:48  SCV  
  101  6:50  Supply Depot x2  
  101  6:52  Viking  
  101  6:53  Siege Tank  
  106  6:56  SCV  
  106  6:57  Sensor Tower  
  106  6:58  SCV  
  106  7:01  SCV  
  109  7:10  Armory x2  
  109  7:11  SCV x2  
  110  7:17  Hellion x2  
  110  7:20  Siege Tank  
  117  7:25  Supply Depot  
  117  7:26  Siege Tank  
  120  7:30  Supply Depot  
  120  7:31  SCV x3  
  120  7:49  Hellion x2  
  120  7:50  Supply Depot  
  124  7:52  Siege Tank  
  124  7:54  Viking x2  
  124  7:58  Siege Tank  
  134  8:01  Command Center  
  134  8:09  SCV x3  
  132  8:16  Factory  
  132  8:18  Factory  
  132  8:22  Hellion x2  
  132  8:24  Terran Vehicle And Ship Armor Level 1, Terran Vehicle Weapons Level 1  
  136  8:28  Siege Tank  
  136  8:30  Siege Tank  
  142  8:37  Supply Depot x2  
  142  8:38  Supply Depot  
  142  8:42  SCV x3  
  142  8:43  Hellion x2  
  148  8:55  Liberator x2  
  140  8:59  SCV x2  
  148  9:04  Hellion x2  
  148  9:06  Factory Reactor, Factory Tech Lab  
  152  9:13  SCV  
  152  9:15  Siege Tank  
  152  9:16  Siege Tank  
  159  9:18  SCV x2, Missile Turret  
  159  9:20  Missile Turret  
  159  9:26  Hellion x2  
  159  9:28  SCV, Refinery x2  
  159  9:30  SCV  
  164  9:34  Siege Tank  
  164  9:38  Infernal Pre-Igniter  
  167  9:44  Viking x2  
  171  9:47  Hellion x2  
  175  9:54  SCV x3, Factory, Planetary Fortress  
  175  9:55  Factory  
  176  10:03  Missile Turret  
  176  10:04  Hellion x2  
  176  10:06  SCV  
  181  10:07  Siege Tank x2  
  181  10:08  Sensor Tower  
  181  10:13  Siege Tank  
  190  10:18  Command Center  
  188  10:27  Viking x2  
  190  10:35  Hellion x2  
  194  10:39  Hellion, Siege Tank x2  
  190  10:43  Hellion  
  190  10:45  Siege Tank  
  190  10:48  SCV  
  190  10:49  SCV  
  190  10:57  Viking x2  
  188  11:11  Siege Tank  
  188  11:12  Thor  
  190  11:23  Supply Depot  
  190  11:25  Factory Tech Lab x2  
  190  11:31  Viking x2  

Tags
 
Composition
Mech
Matchup
TvT
Race
Terran
Spawn Locations
Cross Positions
Add a new tag
Caveats
  • Supply blocks, unpowered buildings, or Contaminate may cause inaccurate times.
  • Supply counts are checked every 10 seconds.